 Dungeon Crawl Stone Soup version 0.31-a0-303-gdc8c9485ea (webtiles) character file.

Game seed: 9801996084001152083

21 Zonian the Sneak (level 2, 0/15 HPs)
             Began as a Spriggan Brigand on July 16, 2023.
             Slain by a gnoll
             ... wielding a +0 spear
              (2 damage)
             ... on level 1 of the Dungeon.
             The game lasted 00:01:09 (495 turns).

Zonian the Sneak (Spriggan Brigand)                  Turns: 495, Time: 00:01:10

Health: 0/15       AC:  3    Str:  7    XL:     2   Next: 65%
Magic:  3/3        EV: 17    Int: 12    God:
Gold:   25         SH:  0    Dex: 16    Spells: 1/1 levels left

rFire   . . .        a - +2 dagger
rCold   . . .        (no shield)
rNeg    . . .        b - +0 robe
rPois   .            (helmet restricted)
rElec   .            c - +0 cloak
rCorr   .            (gloves unavailable)
SInv    +            (boots unavailable)
Will    .....        (no amulet)
Stlth   +++          (no ring)
HPRegen 0.22/turn    (no ring)
MPRegen 0.08/turn

%: no passive effects
@: very quick
A: very small, no large weapons, unfitting armour, see invisible, speed 3
a: no special abilities


You were on level 1 of the Dungeon.
You visited 1 branch of the dungeon, and saw 1 of its levels.

You collected 25 gold pieces.

Inventory:

Hand Weapons
 a - a +2 dagger (weapon)
 f - a +3 long sword
Missiles
 d - 9 poisoned darts (quivered)
 e - 3 curare-tipped darts
Armour
 b - a +0 robe (worn)
 c - a +0 cloak (worn)
Potions
 g - a potion of enlightenment {unknown}


   Skills:
 + Level 1.8 Fighting
 + Level 2.5 Short Blades
 + Level 2.2 Throwing
 + Level 2.0 Dodging
 + Level 6.1 Stealth


You had one spell level left.
You didn't know any spells.
Your spell library was empty.

Dungeon Overview and Level Annotations

Branches:
Dungeon (1/15)

Altars:


Innate Abilities, Weirdness & Mutations

You are very small and have problems with some larger weapons.
You are too small for most types of armour.
You have supernaturally acute eyesight. (SInv)
You cover ground extremely quickly. (Speed+++)


Message History

You closely miss the kobold. The kobold barely misses you.
You closely miss the kobold. The kobold misses you.
You barely miss the kobold. You barely miss the kobold.
The kobold barely misses you.
You hit the kobold.
The kobold is heavily wounded.
The kobold completely misses you.
You hit the kobold.
You kill the kobold!
You see here a +0 dagger.
A gnoll comes into view. It is wielding a +0 spear.
You start resting.
HP restored.
You start waiting.
Done waiting.
Unknown command.
Found 5 boomerangs.
There are monsters nearby!
The ball python hisses angrily.
The gnoll shouts!
You hit the ball python but do no damage.
Your punch misses the ball python. The gnoll closely misses you.
The ball python completely misses you. x2
You barely miss the ball python.
The gnoll hits you from afar with a +0 spear.
The ball python bites you. The ball python completely misses you.
You are too injured to fight recklessly!
You are too injured to fight recklessly!
You hit the ball python.
You kill the ball python!
The gnoll hits you from afar with a +0 spear.
* * * LOW HITPOINT WARNING * * *
Unknown command.
You hit the gnoll.
The gnoll is lightly wounded.
The gnoll closely misses you.
You hit the gnoll.
The gnoll is heavily wounded.
The gnoll hits you with a +0 spear.
You die...

# #..##.......## #
#..##..###### ####.
..
#..##..########.....
.. #
#...............# #.
# #.#####.......#
#.## #.#
#.#####.#### #..#
#.# #.# #......# #..
#.# #.# #......#
####. #.# #.#
#.@(...# #.... #+#
#.# #.g....# #.###
#.# #......# #K# #
#.###......# #.###
#.#........# #.##.
#.#.#......# #.##.
#S#.######## #.#
#....# #.# #....#
#.#


You could see a gnoll.

Vanquished Creatures
  A dart slug (D:1)
  An endoplasm (D:1)
  2 giant cockroaches (D:1)
  A goblin (D:1)
  A hobgoblin (D:1)
  6 kobolds (D:1)
  4 ball pythons (D:1)
  A frilled lizard (D:1)
  A rat (D:1)
18 creatures vanquished.

Notes
Turn   | Place    | Note
-------+----------+-------------------------------------------
     0 | D:1      | Zonian the Spriggan Brigand began the quest for the Orb.
     0 | D:1      | Reached XP level 1. HP: 10/10 MP: 2/2
   152 | D:1      | Reached skill level 6 in Stealth
   166 | D:1      | Reached XP level 2. HP: 15/15 MP: 3/3
   495 | D:1      | Slain by a gnoll

Illustrated notes

Levels and vault maps discovered:
D:1:      minmay_arrival_wavy_path, layout_basic, minmay_distorted

Skill      XL: |  1  2 |
---------------+-------+-----
Stealth        | 6 |  6.1
Dodging        | 2 |  2.0
Fighting       | |  1.8
Short Blades   | |  2.5
Throwing       | |  2.2

Action                     || total
---------------------------++-------
  Melee: Dagger            ||    56
         Punch             ||     1
   Stab: Sleeping          ||     7
 Armour: Robe              ||     1
  Dodge: Dodged            ||    33

Table legend: (Time is in decaauts)
 A = Elapsed time spent in this place.
 B = Non-inter-level travel time spent in this place.
 C = Inter-level travel time spent in this place.
 D = Time resting spent in this place.
 E = Time spent auto-exploring this place.
 F = Levels seen in this place.
 G = Mean time per level.
                   A        B        C        D        E       F      G
               +--------+--------+--------+--------+--------+-----+--------+
         Total |    367 |    367 |      0 |    111 |    115 |   1 |  367.0 |
       Dungeon |    367 |    367 |      0 |    111 |    115 |   1 |  367.0 |
               +--------+--------+--------+--------+--------+-----+--------+

Top non-repeatable levels by time:
     D:1: 367 daAuts
